 Dungeon Crawl Stone Soup version 0.20.1-1-g8b1a95d (webtiles) character file.

571 vatarom the Distorting Demonspawn (level 7, -2/54 HPs)
             Began as a Demonspawn Abyssal Knight on Sept 25, 2017.
             Was a Believer of Lugonu.
             Killed from afar by an orc wizard (11 damage)
             ... with a puff of frost
             ... on level 5 of the Dungeon.
             The game lasted 00:09:14 (4714 turns).

vatarom the Distorting Demonspawn (DsAK)            Turns: 4714, Time: 00:09:14

Health: -2/54      AC:  7    Str: 13    XL:     7   Next: 12%
Magic:  10/10      EV: 14    Int: 13    God:    Lugonu [**....]
Gold:   163        SH:  0    Dex: 20    Spells: 6/6 levels left

rFire    . . .     SeeInvis .   a - +2 falchion
rCold    . . .     Gourm    .   (no shield)
rNeg     . . .     Faith    .   i - +0 leather armour
rPois    .         Spirit   .   f - +0 helmet
rElec    .         Reflect  .   (no cloak)
rCorr    .         Harm     .   d - +2 pair of gloves
MR       .....                  (no boots)
Stlth    ++++......             e - amulet of regeneration
Regen    0.6/turn               (no ring)
MPRegen  0.2/turn               (no ring)

@: no status effects
A: thin skeletal structure 3, nightstalker 1
a: Depart the Abyss, Bend Space, Renounce Religion


You were on level 5 of the Dungeon.
You worshipped Lugonu.
Lugonu was pleased with you.
You were not hungry.

You visited 1 branch of the dungeon, and saw 5 of its levels.
You visited the Abyss 1 time.

You collected 283 gold pieces.
You spent 120 gold pieces at shops.

Inventory:

Hand Weapons
 a - a +2 falchion (weapon)
Armour
 d - a +2 pair of gloves (worn)
 f - a +0 helmet (worn)
 i - a +0 leather armour (worn)
Jewellery
 e - an amulet of regeneration (around neck)
Scrolls
 b - a scroll of identify
 g - 3 scrolls of remove curse
 k - a scroll of blinking {unknown}
 l - 2 scrolls of magic mapping
Comestibles
 c - a bread ration
 h - a royal jelly
 m - 2 chunks of flesh


   Skills:
 + Level 4.0 Fighting
 * Level 4.3 Long Blades
 - Level 1.7 Armour
 * Level 4.3 Dodging
 + Level 4.4 Invocations


You had 6 spell levels left.
You didn't know any spells.

Dungeon Overview and Level Annotations

Branches:
Dungeon (5/15)
 Temple: D:4-7

Altars:
Elyvilon
Fedhas
Zin

Shops:
D:4 !

Annotations:
D:5 Pikel


Innate Abilities, Weirdness & Mutations

You have an unnaturally thin skeletal structure. (Dex +6, Stealth++)
You are slightly more attuned to the shadows.


Message History

The orc wizard hits you but does no damage.
The orc priest casts a cantrip, but nothing happens.
The orc wizard casts a spell at you. The puff of flame hits you!
* * * LOW HITPOINT WARNING * * *
You barely miss the orc priest.
The orc priest is almost dead.
The orc wizard hits you but does no damage.
The orc priest invokes the aid of Beogh against you.
Pain shoots through your body!
* * * LOW HITPOINT WARNING * * *
The orc wizard mumbles some strange words.
The orc wizard seems to speed up.
The orc wizard hits you but does no damage.
You aren't carrying any potions.
As you read the scroll labeled XUSMOH YPUXARU, it crumbles to dust.
The scroll dissolves into smoke.
It was a scroll of fog.
The orc wizard points at you and mumbles some strange words.
The puff of frost hits you!
You die...

#### ## ..# ... ###.#
#####.## ##.#.########
#....... #......##...#
#....... # ##.#.#....#§#
#.......
#.##.#.####.§o###.......
#......# ##§o@ooS....$.
####.### ######.......
#.# #.....>. #.#
........ #.# #.......
######.# #.......
.......# .####+ <##.#.##
.##.#.#


You could see an orc priest, 2 orc wizards and an orc.

Vanquished Creatures
  A phantom (D:4)
  The ghost of vatarom the Distorting Demonspawn, an amateur DsAK of Lugonu (D:3)
  A howler monkey (D:4)
  2 orc priests
  An orc wizard (D:4)
  2 iguanas
  3 worker ants (D:4)
  A hound skeleton (D:4)
  4 adders
  A shadow imp (D:4)
  2 worms (D:2)
  3 dart slugs
  3 leopard geckos
  7 orcs
  A ball python (D:4)
  12 bats
  5 giant cockroaches
  10 goblins
  9 hobgoblins
  4 kobolds (D:1)
  2 quokkas
  7 frilled lizards
  5 rats
87 creatures vanquished.

Notes
Turn   | Place    | Note
-------+----------+-------------------------------------------
     0 | Abyss:1  | vatarom the Demonspawn Abyssal Knight began the quest for the Orb.
     0 | Abyss:1  | Reached XP level 1. HP: 18/18 MP: 2/2
    87 | Abyss:1  | Found a corrupted altar of Lugonu.
   149 | Abyss:1  | Noticed a thrashing horror
   152 | Abyss:1  | Noticed a chaos spawn
   153 | D:1      | Escaped the Abyss
   172 | D:1      | Reached skill level 1 in Dodging
   354 | D:1      | Gained mutation: You are slightly more attuned to the shadows. [demonic ancestry]
   354 | D:1      | Reached XP level 2. HP: 21/24 MP: 3/3
   578 | D:1      | Reached * piety under Lugonu
   841 | D:1      | Reached XP level 3. HP: 21/29 MP: 4/4
  2095 | D:3      | Reached ** piety under Lugonu
  2095 | D:3      | Gained mutation: You have a somewhat thin skeletal structure. (Dex +2, Stealth) [demonic ancestry]
  2095 | D:3      | Reached XP level 4. HP: 35/35 MP: 6/6
  2187 | D:3      | Noticed vatarom's ghost (amateur DsAK)
  2224 | D:3      | Killed vatarom's ghost
  2224 | D:3      | Gained mutation: You have a moderately thin skeletal structure. (Dex +4, Stealth+) [demonic ancestry]
  2224 | D:3      | Reached XP level 5. HP: 9/41 MP: 2/7
  2764 | D:3      | Found a white marble altar of Elyvilon.
  3373 | D:4      | Found Taix's Distillery.
  3403 | D:4      | Bought a potion of degeneration for 10 gold pieces
  3404 | D:4      | Bought a potion of heal wounds for 50 gold pieces
  3404 | D:4      | Bought a potion of curing for 30 gold pieces
  3404 | D:4      | Bought a potion of curing for 30 gold pieces
  3767 | D:4      | Found a blossoming altar of Fedhas.
  3767 | D:4      | Found a glowing silver altar of Zin.
  4047 | D:4      | Noticed a phantom
  4091 | D:4      | Reached XP level 6. HP: 20/48 MP: 8/8
  4408 | D:5      | Entered Level 5 of the Dungeon
  4529 | D:5      | Noticed a slave
  4533 | D:5      | Noticed a slave
  4533 | D:5      | Noticed a slave
  4534 | D:5      | Noticed Pikel
  4534 | D:5      | Noticed a slave
  4563 | D:4      | Gained mutation: You have an unnaturally thin skeletal structure. (Dex +6, Stealth++) [demonic ancestry]
  4563 | D:4      | Reached XP level 7. HP: 43/53 MP: 10/10
  4714 | D:5      | Killed from afar by an orc wizard

Skill      XL: |  1  2  3  4  5  6  7 |
---------------+----------------------+-----
Dodging        | 1 2 3 4 |  4.3
Long Blades    | 2 3 4 |  4.3
Invocations    | 3 4 |  4.4
Fighting       | 4 |  4.0
Armour         | |  1.7

Action                   |  1- 3 |  4- 6 |  7- 9 || total
-------------------------+-------+-------+-------++-------
Melee: Falchion          |   148 |   190 |    25 ||   363
Invok: Depart the Abyss  |     1 |       |       ||     1
  Use: Scroll            |     9 |       |     1 ||    10
       Potion            |       |     5 |       ||     5
 Stab: Sleeping          |     2 |     5 |     2 ||     9
  Eat: Chunk             |     4 |     5 |       ||     9
       Bread ration      |       |     1 |       ||     1
Armor: Leather armour    |    18 |    55 |     6 ||    79
       Scale mail        |    52 |       |       ||    52
Dodge: Dodged            |   100 |   106 |    16 ||   222
       Rpst.: Falchion   |    35 |    34 |     9 ||    78
